SAA
ATLANTIC CITY SONICS @ SPRINGFIELD SHOOTERS
08/03/2030
 
TOP OF THE 1ST
Atlantic City Sonics batting - Pitching for Springfield Shooters : LHP Tod Whipple
Pitching: LHP Tod Whipple
Batting: LHB Juan Ledezma 0-0: Ball
1-0: Ball
2-0: Fly out, F7 (Flyball, 7S)
Batting: RHB José Rodríguez 0-0: Called Strike
0-1: Ball
1-1: Fly out, F6 (Popup, 6M)
Batting: RHB Eddie Sachs 0-0: Called Strike
0-1: SINGLE (Line Drive, 6MD)
Batting: LHB Kelvin Abbott 0-0: Foul Ball, location: 2F
0-1: Swinging Strike
0-2: SINGLE (Flyball, 89S)
Eddie Sachs to second
Runner from 2nd tries for 3rd, SAFE, throw made to third
Batting: RHB Alejandro Sánchez 0-0: Ball
1-0: Ball
2-0: Fly out, F8 (Flyball, 8LM)
Top of the 1st over - 0 runs, 2 hits, 0 errors, 2 left on base; Atlantic City 0 - Springfield 0
BOTTOM OF THE 1ST
Springfield Shooters batting - Pitching for Atlantic City Sonics : RHP Pedro Reynoso
Pitching: RHP Pedro Reynoso
Batting: LHB César Gómes 0-0: Bunted foul
0-1: SINGLE (Line Drive, 6D)
Batting: LHB Marshall Willis 0-0: Ball
1-0: Called Strike
1-1: Called Strike
1-2: Foul Ball, location: 2F
1-2: Ball
2-2: Foul Ball, location: 2F
2-2: Ball
3-2: Base on Balls
César Gómes to second
Batting: LHB Calvin Wilms 0-0: Ball
1-0: Foul Ball, location: 2F
1-1: Grounds into double play, 1-6-3 (Groundball, 13S)
César Gómes to third
Batting: LHB John Schaefer 0-0: Ground out 6-3 (Groundball, 6)
Bottom of the 1st over - 0 runs, 1 hit, 0 errors, 1 left on base; Atlantic City 0 - Springfield 0
TOP OF THE 2ND
Atlantic City Sonics batting - Pitching for Springfield Shooters : LHP Tod Whipple
Batting: RHB Jeff Quesenberry 0-0: Called Strike
0-1: Foul Ball, location: 2F
0-2: Ball
1-2: Ball
2-2: Foul Ball, location: 2F
2-2: Ball
3-2: Base on Balls
Batting: LHB José Pacheco 0-0: Ball
1-0: Ball
2-0: Foul Ball, location: 2F
2-1: Fly out, F8 (Flyball, 8LS)
Batting: RHB Randy Sheffield 0-0: Ball
1-0: Ball
2-0: Ball
3-0: Called Strike
3-1: Foul Ball, location: 2F
3-2: Foul Ball, location: 2F
3-2: Base on Balls
Jeff Quesenberry to second
Batting: RHB Malcolm Campbell 0-0: Fielders Choice at 2nd, 3-6 (Groundball, 34)
Jeff Quesenberry to third
Batting: LHB Juan Ledezma 0-0: Fielders Choice at 2nd, 6-4 (Groundball, 6)
Top of the 2nd over - 0 runs, 0 hits, 0 errors, 2 left on base; Atlantic City 0 - Springfield 0
BOTTOM OF THE 2ND
Springfield Shooters batting - Pitching for Atlantic City Sonics : RHP Pedro Reynoso
Batting: RHB Fletcher Megarity 0-0: Called Strike
0-1: Ball
1-1: SINGLE (Line Drive, 4D)
Batting: RHB Sébastien Bernard 0-0: Called Strike
0-1: SINGLE (Line Drive, 6MD)
Fletcher Megarity to second
Batting: RHB Barrett Drury 0-0: Fly out, F9 (Flyball, 9)
Batting: RHB Eun-bum Kim 0-0: Grounds into double play, U5-3 (Groundball, 5L)
Bottom of the 2nd over - 0 runs, 2 hits, 0 errors, 1 left on base; Atlantic City 0 - Springfield 0
TOP OF THE 3RD
Atlantic City Sonics batting - Pitching for Springfield Shooters : LHP Tod Whipple
Batting: RHB José Rodríguez 0-0: Ball
1-0: Ball
2-0: Ball
3-0: Called Strike
3-1: Foul Ball, location: 2F
3-2: Strikes out looking
Batting: RHB Eddie Sachs 0-0: Ball
1-0: Called Strike
1-1: Foul Ball, location: 2F
1-2: SINGLE (Groundball, 6M) (infield hit)
Batting: LHB Kelvin Abbott 0-0: Ball
1-0: TRIPLE (Flyball, 78XD)
Eddie Sachs scores
Batting: RHB Alejandro Sánchez 0-0: Called Strike
0-1: Ball
1-1: Foul Ball, location: 2F
1-2: Ball
2-2: Ball
3-2: SINGLE (Groundball, 6MD)
Kelvin Abbott scores
Batting: RHB Jeff Quesenberry 0-0: Grounds into double play, 5-4-3 (Groundball, 56)
Top of the 3rd over - 2 runs, 3 hits, 0 errors, 0 left on base; Atlantic City 2 - Springfield 0
BOTTOM OF THE 3RD
Springfield Shooters batting - Pitching for Atlantic City Sonics : RHP Pedro Reynoso
Batting: LHB Guillermo Castro 0-0: Ball
1-0: Ball
2-0: Called Strike
2-1: SINGLE (Groundball, 34D)
Batting: LHB César Gómes 0-0: Ball
1-0: Foul Ball, location: 2F
1-1: Ball
2-1: Grounds into double play, 4-6-3 (Groundball, 4)
Batting: LHB Marshall Willis 0-0: Foul Ball, location: 2F
0-1: Bunt missed!
0-2: SINGLE (Line Drive, 4M)
Batting: LHB Calvin Wilms 0-0: Ball
1-0: Ball
2-0: Called Strike
2-1: Ball
3-1: Base on Balls
Marshall Willis to second
Batting: LHB John Schaefer 0-0: Ball
1-0: Foul Ball, location: 2F
1-1: Ground out 6-3 (Groundball, 6M)
Bottom of the 3rd over - 0 runs, 2 hits, 0 errors, 2 left on base; Atlantic City 2 - Springfield 0
TOP OF THE 4TH
Atlantic City Sonics batting - Pitching for Springfield Shooters : LHP Tod Whipple
Batting: LHB José Pacheco 0-0: Foul Ball, location: 2F
0-1: Foul Ball, location: 2F
0-2: Strikes out swinging
Batting: RHB Randy Sheffield 0-0: Ball
1-0: Ball
2-0: Called Strike
2-1: Ball
3-1: Base on Balls
Batting: RHB Malcolm Campbell 0-0: Called Strike
0-1: Fielders Choice at 2nd, 5-4 (Groundball, 5)
Batting: LHB Juan Ledezma 0-0: Ball
1-0: Ball
2-0: Foul Ball, location: 2F
2-1: Ball
3-1: DOUBLE (Line Drive, 89D)
Malcolm Campbell to third
Runner from 3rd tries for Home, SAFE, no throw
Batting: RHB José Rodríguez 0-0: Ball
1-0: DOUBLE (Line Drive, 89D)
Juan Ledezma scores
Batting: RHB Eddie Sachs 0-0: Ball
1-0: Ball
2-0: SINGLE (Groundball, 56D)
José Rodríguez to third
Runner from 3rd tries for Home, SAFE, no throw
Batting: LHB Kelvin Abbott 0-0: Ball
1-0: Ball
2-0: Foul Ball, location: 2F
2-1: Swinging Strike
2-2: Foul Ball, location: 2F
2-2: Foul Ball, location: 2F
2-2: Ball
3-2: Base on Balls
Eddie Sachs to second
Pitching: RHP Miguel Padilla
Batting: RHB Alejandro Sánchez 0-0: Ball
1-0: Ball
2-0: Ball
3-0: Called Strike
3-1: Called Strike
3-2: SINGLE (Groundball, 56D)
Eddie Sachs to third
Kelvin Abbott to second
Eddie Sachs scores
Kelvin Abbott to third
Batting: RHB Jeff Quesenberry 0-0: Fielders Choice at 2nd, 6-4 (Groundball, 6)
Top of the 4th over - 4 runs, 4 hits, 0 errors, 2 left on base; Atlantic City 6 - Springfield 0
BOTTOM OF THE 4TH
Springfield Shooters batting - Pitching for Atlantic City Sonics : RHP Pedro Reynoso
Batting: RHB Fletcher Megarity 0-0: Called Strike
0-1: Ground out U3 (Groundball, 34)
Batting: RHB Sébastien Bernard 0-0: Called Strike
0-1: Swinging Strike
0-2: Foul Ball, location: 2F
0-2: Ground out 6-3 (Groundball, 56)
Batting: RHB Barrett Drury 0-0: Swinging Strike
0-1: Ball
1-1: Fly out, F9 (Flyball, 89D)
Bottom of the 4th over - 0 runs, 0 hits, 0 errors, 0 left on base; Atlantic City 6 - Springfield 0
TOP OF THE 5TH
Atlantic City Sonics batting - Pitching for Springfield Shooters : RHP Miguel Padilla
Batting: LHB José Pacheco 0-0: Ball
1-0: Ball
2-0: Called Strike
2-1: Ball
3-1: Base on Balls
Batting: RHB Randy Sheffield 0-0: Called Strike
0-1: Ball
1-1: Called Strike
1-2: Foul Ball, location: 2F
1-2: Strikes out swinging
Batting: RHB Malcolm Campbell 0-0: Called Strike
0-1: Swinging Strike
0-2: Foul Ball, location: 2F
0-2: Foul Ball, location: 2F
0-2: Ball
1-2: Ball
2-2: Strikes out swinging
Batting: LHB Juan Ledezma 0-0: Foul Ball, location: 2F
0-1: Called Strike
0-2: Foul Ball, location: 2F
0-2: Ball
1-2: Strikes out swinging
Top of the 5th over - 0 runs, 0 hits, 0 errors, 1 left on base; Atlantic City 6 - Springfield 0
BOTTOM OF THE 5TH
Springfield Shooters batting - Pitching for Atlantic City Sonics : RHP Pedro Reynoso
Batting: RHB Eun-bum Kim 0-0: Foul Ball, location: 2F
0-1: Ball
1-1: Ball
2-1: Ball
3-1: Fly out, F1 (Line Drive, 13)
Batting: LHB Guillermo Castro 0-0: Ball
1-0: Ball
2-0: Ball
3-0: Base on Balls
Batting: LHB César Gómes 0-0: Foul Ball, location: 2F
0-1: Ball
1-1: SINGLE (Groundball, 34D)
Guillermo Castro to second
Runner from 2nd tries for 3rd, SAFE, no throw
Batting: LHB Marshall Willis 0-0: Ball
1-0: Called Strike
1-1: Ball
2-1: Ball
3-1: Swinging Strike
3-2: SINGLE (Line Drive, 6MD)
Guillermo Castro scores
César Gómes to second
Runner from 2nd tries for 3rd, SAFE, no throw
Batting: LHB Calvin Wilms 0-0: Ball
1-0: Ball
2-0: Called Strike
2-1: Ball
3-1: SINGLE (Flyball, 34D)
César Gómes scores
Marshall Willis to second
Runner from 2nd tries for 3rd, SAFE, no throw
Batting: LHB John Schaefer 0-0: Foul Ball, location: 2F
0-1: Ball
1-1: Foul Ball, location: 2F
1-2: Ball
2-2: Ball
3-2: Fly out, F4 (Flyball, 34D)
Batting: RHB Fletcher Megarity 0-0: Fly out, F7 (Flyball, 7LMF)
Bottom of the 5th over - 2 runs, 3 hits, 0 errors, 2 left on base; Atlantic City 6 - Springfield 2
TOP OF THE 6TH
Atlantic City Sonics batting - Pitching for Springfield Shooters : RHP Miguel Padilla
Batting: RHB José Rodríguez 0-0: Swinging Strike
0-1: Foul Ball, location: 2F
0-2: Ball
1-2: Ball
2-2: Ball
3-2: Ground out 6-3 (Groundball, 6)
Batting: RHB Eddie Sachs 0-0: Called Strike
0-1: Ball
1-1: Foul Ball, location: 2F
1-2: Foul Ball, location: 2F
1-2: Ground out 4-3 (Groundball, 4M)
Batting: LHB Kelvin Abbott 0-0: Called Strike
0-1: Ball
1-1: Ball
2-1: Foul Ball, location: 2F
2-2: Foul Ball, location: 2F
2-2: Foul Ball, location: 2F
2-2: Foul Ball, location: 2F
2-2: Ground out 2-3 (Groundball, 15S)
Top of the 6th over - 0 runs, 0 hits, 0 errors, 0 left on base; Atlantic City 6 - Springfield 2
BOTTOM OF THE 6TH
Springfield Shooters batting - Pitching for Atlantic City Sonics : RHP Pedro Reynoso
Batting: RHB Sébastien Bernard 0-0: Ball
1-0: DOUBLE (Line Drive, 7LM)
Batting: RHB Barrett Drury 0-0: Ground out 4-3 (Groundball, 4M)
Sébastien Bernard to third
Batting: RHB Eun-bum Kim 0-0: Ball
1-0: Ball
2-0: Ball
3-0: Called Strike
3-1: Base on Balls
Batting: LHB Guillermo Castro 0-0: Called Strike
0-1: Called Strike
0-2: Grounds into double play, 6-4-3 (Groundball, 6)
Bottom of the 6th over - 0 runs, 1 hit, 0 errors, 1 left on base; Atlantic City 6 - Springfield 2
TOP OF THE 7TH
Atlantic City Sonics batting - Pitching for Springfield Shooters : RHP Miguel Padilla
Batting: RHB Alejandro Sánchez 0-0: DOUBLE (Line Drive, 89XD)
Batting: RHB Jeff Quesenberry 0-0: Foul Ball, location: 2F
0-1: Ball
1-1: Called Strike
1-2: Fly out, F7 (Flyball, 7D)
Batting: LHB José Pacheco 0-0: Intentional Walk
Batting: RHB Randy Sheffield 0-0: Ball
1-0: Foul Ball, location: 2F
1-1: Grounds into double play, 5-4-3 (Groundball, 56)
Top of the 7th over - 0 runs, 1 hit, 0 errors, 1 left on base; Atlantic City 6 - Springfield 2
BOTTOM OF THE 7TH
Springfield Shooters batting - Pitching for Atlantic City Sonics : RHP Pedro Reynoso
Batting: LHB César Gómes 0-0: Ball
1-0: Foul Ball, location: 2F
1-1: SINGLE (Line Drive, 6MD)
Batting: LHB Marshall Willis 0-0: Foul Ball, location: 2F
0-1: Ball
1-1: Foul Ball, location: 2F
1-2: Ball
2-2: Foul Ball, location: 2F
2-2: DOUBLE (Flyball, 8RD)
César Gómes to third
Batting: LHB Calvin Wilms 0-0: Ground out 4-3 (Groundball, 4)
César Gómes scores
Marshall Willis to third
Batting: LHB John Schaefer 0-0: Called Strike
0-1: Fly out, F5 (Popup, 5SF)
Batting: RHB Fletcher Megarity 0-0: Ball
1-0: Called Strike
1-1: Swinging Strike
1-2: Foul Ball, location: 2F
1-2: Foul Ball, location: 2F
1-2: Strikes out swinging
Bottom of the 7th over - 1 run, 2 hits, 0 errors, 1 left on base; Atlantic City 6 - Springfield 3
TOP OF THE 8TH
Atlantic City Sonics batting - Pitching for Springfield Shooters : RHP Miguel Padilla
Batting: RHB Malcolm Campbell 0-0: Fly out, F9 (Flyball, 9S)
Batting: LHB Juan Ledezma 0-0: Ball
1-0: Called Strike
1-1: Foul Ball, location: 2F
1-2: Strikes out swinging
Batting: RHB José Rodríguez 0-0: Ball
1-0: Foul Ball, location: 2F
1-1: Ball
2-1: Ball
3-1: Called Strike
3-2: Foul Ball, location: 2F
3-2: Ground out 5-3 (Groundball, 5)
Top of the 8th over - 0 runs, 0 hits, 0 errors, 0 left on base; Atlantic City 6 - Springfield 3
BOTTOM OF THE 8TH
Springfield Shooters batting - Pitching for Atlantic City Sonics : RHP Pedro Reynoso
Pitching: LHP Doppo Omikado
Batting: RHB Sébastien Bernard 0-0: SINGLE (Line Drive, 9S)
Batting: RHB Barrett Drury 0-0: Ball
1-0: Called Strike
1-1: Fly out, F9 (Flyball, 9S)
Batting: RHB Eun-bum Kim 0-0: Ball
1-0: Called Strike
1-1: Ball
2-1: Foul Ball, location: 2F
2-2: Strikes out looking
Batting: LHB Guillermo Castro 0-0: Called Strike
0-1: Called Strike
0-2: Ball
1-2: Strikes out swinging
Bottom of the 8th over - 0 runs, 1 hit, 0 errors, 1 left on base; Atlantic City 6 - Springfield 3
TOP OF THE 9TH
Atlantic City Sonics batting - Pitching for Springfield Shooters : RHP Miguel Padilla
Batting: RHB Eddie Sachs 0-0: Called Strike
0-1: Ball
1-1: Ball
2-1: SINGLE (Groundball, 56D)
Batting: LHB Kelvin Abbott 0-0: Foul Ball, location: 2F
0-1: SINGLE (Groundball, 4MD)
Eddie Sachs to second
Runner from 2nd tries for 3rd, SAFE, no throw
Batting: RHB Alejandro Sánchez 0-0: Ball
1-0: Ball
Throwing error on steal attempt, E2
Eddie Sachs scores
Kelvin Abbott to third
2-0: Foul Ball, location: 2F
2-1: Ball
3-1: Ground out 4-3 (Groundball, 4M)
Batting: RHB Jeff Quesenberry 0-0: Foul Ball, location: 2F
0-1: SINGLE (Groundball, 6MD)
Kelvin Abbott scores
Batting: LHB José Pacheco 0-0: Ball
Jeff Quesenberry is caught stealing 2nd base
1-0: Ball
2-0: Called Strike
2-1: SINGLE (Flyball, 9S)
Batting: RHB Randy Sheffield 0-0: Called Strike
0-1: Ball
1-1: Ball
2-1: Ball
3-1: Fielders Choice at 2nd, U6 (Groundball, 6M)
Top of the 9th over - 2 runs, 4 hits, 1 error, 1 left on base; Atlantic City 8 - Springfield 3
BOTTOM OF THE 9TH
Springfield Shooters batting - Pitching for Atlantic City Sonics : LHP Doppo Omikado
Batting: LHB César Gómes 0-0: Called Strike
0-1: Fly out, F8 (Line Drive, 78D)
Batting: LHB Marshall Willis 0-0: Called Strike
0-1: Foul Ball, location: 2F
0-2: Ball
1-2: Foul Ball, location: 2F
1-2: Ball
2-2: Strikes out swinging
Batting: LHB Calvin Wilms 0-0: Swinging Strike
0-1: Ball
1-1: Foul Ball, location: 2F
1-2: SINGLE (Flyball, 8LS)
Batting: LHB John Schaefer 0-0: Ball
1-0: Ball
2-0: Ball
3-0: Called Strike
3-1: Swinging Strike
3-2: Ground out 4-3 (Groundball, 4)
Bottom of the 9th over - 0 runs, 1 hit, 0 errors, 1 left on base; Atlantic City 8 - Springfield 3
Sunday, March 18th, 2018 - OOTP Baseball 18.8 Build 76